 Dungeon Crawl Stone Soup version 0.30-a0-469-g84de5afbc5 (webtiles) character file.

Game seed: 4736239377192386708

208107 Bnni the Lord of Darkness (level 18, -10/159 HPs)
             Began as a Demonspawn Necromancer on Dec 18, 2022.
             Was the Champion of Kikubaaqudgha.
             Killed from afar by a blizzard demon (42 damage)
             ... with a bolt of lightning
             ... on level 4 of the Swamp on Dec 19, 2022.
             The game lasted 02:29:30 (34842 turns).

Bnni the Lord of Darkness (Demonspawn Necromancer) Turns: 34842, Time: 02:29:31

Health: -10/159    AC: 13    Str:  8    XL:     18   Next: 11%
Magic:  28/36      EV: 17    Int: 28    God:    Kikubaaqudgha [******]
Gold:   2124       SH:  5    Dex: 15    Spells: 5/45 levels left

rFire   + . .      SeeInvis +    o - staff of death
rCold   + . .      Faith    .    V - +0 buckler {AC+3}
rNeg    + + .      Spirit   .    N - +2 robe {Archmagi}
rPois   +          Reflect  .    (helmet unavailable)
rElec   .          Harm     .    n - +0 cloak
rCorr   .          Rampage  .    v - +1 pair of gloves
Will    +....      Archmagi +    R - +0 pair of boots
Stlth   ++........               J - amulet of magic regeneration
HPRegen 0.46/turn                h - ring of protection from cold
MPRegen 0.65/turn                f - ring "Koryul" {rPois rF+ rN+ Int+4 SInv}

@: agile, very slightly contaminated
A: horns 3, yellow scales 1, demonic guardian 2, powered by pain 2, robust 1
}: 1/15 runes: serpentine
a: Renounce Religion, Unearth Wretches, Torment


You were on level 4 of the Swamp.
You worshipped Kikubaaqudgha.
Kikubaaqudgha was exalted by your worship.
You visited 5 branches of the dungeon, and saw 30 of its levels.
You also visited: Bailey.

You collected 3517 gold pieces.
You spent 1393 gold pieces at shops.

Inventory:

Hand Weapons
 k - a +1 demon trident of electrocution
 Y - the +8 spear "Ebut" {venom, rElec Str+5}
   (You took it off a spriggan on level 2 of the Lair of Beasts)

   It poisons the flesh of those it strikes.
   Str:       It affects your strength (+5).
   rElec:     It insulates you from electricity.
Missiles
 F - 9 boomerangs of dispersal
Armour
 n - a +0 cloak (worn)
 v - a +1 pair of gloves (worn)
 N - a +2 robe of the Archmagi (worn)
 R - a +0 pair of boots (worn)
 V - a +0 buckler of protection (worn)
Magical Staves
 o - a staff of death (weapon)
Jewellery
 f - the ring "Koryul" (right hand) {rPois rF+ rN+ Int+4 SInv}
   (You acquired it on level 5 of the Dungeon)

   [ring of poison resistance]

   Int:       It affects your intelligence (+4).
   rF:        It protects you from fire.
   rPois:     It protects you from poison.
   rN:        It protects you from negative energy.
   SInv:      It lets you see invisible.
 h - a ring of protection from cold (left hand)
 x - a +4 ring of protection
 E - a ring of flight
 J - an amulet of magic regeneration (around neck)
 Q - the ring of Omaan {rCorr Str+2 Int+3 Dex+4}
   (You bought it in a shop on level 1 of the Snake Pit)

   [ring of resist corrosion]

   Str:       It affects your strength (+2).
   Int:       It affects your intelligence (+3).
   Dex:       It affects your dexterity (+4).
   rCorr:     It protects you from acid and corrosion.
 U - a ring of positive energy
Wands
 l - a wand of flame (17)
 p - a wand of paralysis (23)
 z - a wand of iceblast (19)
 C - a wand of digging (13)
 G - a wand of acid (17)
 M - a wand of mindburst (22)
Scrolls
 a - a scroll of butterflies
 e - a scroll of torment
 g - 3 scrolls of poison
 i - 5 scrolls of silence
 r - 7 scrolls of enchant armour
 t - 4 scrolls of vulnerability
 u - 8 scrolls of teleportation
 w - 4 scrolls of immolation
 y - 3 scrolls of blinking
 A - 2 scrolls of fog
 B - a scroll of brand weapon
 I - 2 scrolls of enchant weapon
 K - 2 scrolls of magic mapping
 P - 4 scrolls of fear
Potions
 b - 3 potions of magic
 c - a potion of haste
 d - 5 potions of brilliance
 j - 8 potions of mutation
 m - 2 potions of cancellation
 s - 4 potions of berserk rage
 D - 11 potions of curing
 H - 5 potions of invisibility
 L - 4 potions of heal wounds
 O - 3 potions of attraction
 W - 3 potions of resistance
 X - a potion of might
Miscellaneous
 T - a phantom mirror


   Skills:
 + Level 13.7 Fighting
 - Level 3.9(8.5) Polearms
 - Level 11.7(12.0) Staves
 + Level 2.3 Armour
 - Level 1.7 Dodging
 - Level 1.7 Stealth
 - Level 5.0 Shields
 * Level 14.0 Spellcasting
 - Level 3.0 Hexes
 - Level 10.0 Summonings
 * Level 20.9 Necromancy
 - Level 5.0 Ice Magic
 - Level 5.0 Earth Magic


You had 5 spell levels left.
You knew the following spells:

 Your Spells              Type           Power      Damage    Failure   Level
a - Simulacrum            Ice/Necr       59%        N/A       2%          6
b - Haunt                 Necr/Summ      63%        N/A       4%          7
c - Infestation           Necr           71%        N/A       4%          8
d - Animate Dead          Necr           100%       N/A       0%          4
e - Death Channel         Necr           71%        N/A       1%          6
f - Borgnjor's Vile Clut  Necr/Erth      59%        N/A       1%          5
h - Anguish               Hex/Necr       57%        N/A       1%          4

Your spell library contained the following spells:

 Spells                   Type           Power      Damage    Failure   Level
 Necrotise                Necr           100%       1d9       0%          1
 Vampiric Draining        Necr           100%       2d13      0%          3
 Kiss of Death            Conj/Necr      100%       2d13      1%          1
 Slow                     Hex            100%       N/A       1%          1
 Summon Small Mammal      Summ           100%       N/A       1%          1
 Ensorcelled Hibernation  Hex/Ice        100%       N/A       1%          2
 Passwall                 Tmut/Erth      41%        N/A       1%          2
 Call Canine Familiar     Summ           85%        N/A       1%          3
 Ozocubu's Armour         Ice            63%        N/A       1%          3
 Agony                    Necr           100%       N/A       1%          5
 Apportation              Tloc           58%        N/A       3%          1
 Beastly Appendage        Tmut           58%        N/A       3%          1
 Sting                    Tmut/Pois      100%       1d8       3%          1
 Confusing Touch          Hex            53%        N/A       3%          3
 Tukima's Dance           Hex            53%        N/A       3%          3
 Poisonous Vapours        Pois/Air       58%        N/A       4%          2
 Static Discharge         Conj/Air       58%        2-5/arc   4%          2
 Summon Lightning Spire   Summ/Air       63%        N/A       4%          4
 Ignite Poison            Fire/Tmut/Pois 29%        N/A       10%         3
 Kindle Blastsparks       Fire/Tloc/Air  58%        2d14      10%         3
 Spider Form              Tmut/Pois      29%        N/A       10%         3
 Swiftness                Air            29%        N/A       10%         3
 Vhi's Electric Charge    Tloc/Air       58%        N/A       10%         3
 Lee's Rapid Deconstruct  Erth           31%        3d16*     12%         5
 Fulminant Prism          Conj/Hex       21%        3d12      19%         4
 Metabolic Englaciation   Hex/Ice        29%        N/A       19%         5
 Airstrike                Air            14%        2d(3-19)  32%         4
 Iskenderun's Mystic Bla  Conj/Tloc      29%        2d7       32%         4
 Olgreb's Toxic Radiance  Pois           29%        N/A       32%         4
 Passage of Golubria      Tloc           29%        N/A       32%         4
 Sticky Flame             Conj/Fire      29%        2d5       32%         4
 Freezing Cloud           Conj/Ice/Air   21%        6-21      43%         5
 Silence                  Hex/Air        21%        N/A       45%         5
 Yara's Violent Unravell  Hex/Tmut       21%        3d10      45%         5
 Arcjolt                  Conj/Air       14%        1d24      67%         5
 Irradiate                Conj/Tmut      14%        3d16      67%         5
 Lightning Bolt           Conj/Air       14%        1d28      67%         5
 Borgnjor's Revivificati  Necr           71%        N/A       4%          8
 Death's Door             Necr           71%        N/A       54%         9
 Iron Shot                Conj/Erth      25%        9d5       88%         6
 Necromutation            Tmut/Necr      54%        N/A       97%         8
 Ozocubu's Refrigeration  Ice            31%        4d14      98%         7
 Ignition                 Fire           14%        3d6       100%        8
 Lehudib's Crystal Spear  Conj/Erth      25%        10d7      100%        8
 Polar Vortex             Ice            31%        N/A       100%        9


Dungeon Overview and Level Annotations

Branches:
Dungeon (15/15)            Temple (0/1) D:7            Lair (5/5) D:10
  Swamp (4/4) Lair:3        Snake (4/4) Lair:3        Slime (0/5) Lair:5
    Orc (2/2) D:10            Elf (0/3) Orc:2        Vaults (0/5) D:14
 Depths (0/4) D:15         Bailey (visited)

Altars:
Fedhas
Hepliaklqana
Kikubaaqudgha
Okawaru
Ru
Sif Muna
Vehumet
Yredelemnul
Jiyva

Shops:
D:11 ?*?:   Orc:2 (:*[   Snake:1 :=   Snake:2 ([?   Snake:3 [?([!

Annotations:
D:9 exclusion: obsidian statue
D:10 4 transporters
Lair:4 3 runed translucent doors, Heedrag's ghost, journeyman DsCj


Innate Abilities, Weirdness & Mutations

You have a pair of large horns on your head.
You are partially covered in yellow scales. (AC +2)
A demonic guardian rushes to your aid.
You sometimes gain power by taking damage.
You are robust. (+10% HP)


Message History

The blizzard demon resists.
The blizzard demon hits your fenstrider witch simulacrum but does no damage. x2
Unknown command.
You hit the hornet but do no damage.
The hornet writhes in agony.
You headbutt the hornet, but do no damage.
The hornet is severely wounded.
The zombie hands constrict the hornet! x2
You kill the hornet!
Kikubaaqudgha accepts your kill.
Your death scarab bites the blizzard demon!!
Your fenstrider witch simulacrum hits the blizzard demon!
Your fenstrider witch simulacrum freezes the blizzard demon!
The blizzard demon resists.
Your fenstrider witch simulacrum kicks the blizzard demon but does no damage.
The hornet struggles to escape constriction.
Your Spellcasting skill increases to level 14!
Unknown command.
The zombie hands constrict the hornet!
You kill the hornet!
Kikubaaqudgha accepts your kill. The blizzard demon gestures at you.
The bolt of lightning hits your fenstrider witch simulacrum!!
The bolt of lightning hits you!!
* * * LOW HITPOINT WARNING * * *
The bolt of lightning hits you!!
* * * LOW HITPOINT WARNING * * *
A demonic guardian appears!
You focus on the pain.
You feel agile all of a sudden.
The bolt of lightning hits your sun demon.
Your sun demon resists.
Your fenstrider witch simulacrum hits the blizzard demon but does no damage.
Your fenstrider witch simulacrum barely misses the blizzard demon.
You feel much better.
Your death scarab bites the blizzard demon but does no damage.
The blizzard demon gestures at your fenstrider witch simulacrum.
The bolt of lightning hits your fenstrider witch simulacrum!
Your fenstrider witch simulacrum vaporises!
The bolt of lightning hits you!!!
You die...
Kikubaaqudgha rasps: "You have failed me!
Welcome... death!"

~.~.~.#
#~~~♣#♣~~~#♣~.~[[#..
~.~~:#~~~
♣~~.).♣##~~~~.~)#. ~~.~~#
#.~~~.##.~~..♣..#♣ ~~~..#
♣~~.~.♣##.~~~~~~# ~†~~~#
####♣..8~~♣ ###♣~.~~#
..~~~# ###~.#ZZ.♣...#
##♣~~# ♣.~~~#
#..~Z~#♣♣♣♣♣#~~. #♣♣#
♣...~#########~#######~##
♣~†...#♣~.~§[)~#@~§~.# ~
.~..~♣#♣~~.~♣♣♣#○~3.∩# ♣
.~~~..##♣.~♣~~.Z#2B~#.~~
♣.~~~~~#♣.~..~~♣#~.~# ~
♣.~~~~~##♣~.†~~♣ ...#
♣~~~.~.♣##♣§~.~♣ #φ##
.§~~~~.~.##♣~...~#§#
.~~~~~..~~###♣~.~###
.~~~~....~~~###~.~#


You could see a blizzard demon (unaware, ally target), a friendly sun demon
(summoned), a friendly death scarab and a friendly fenstrider witch simulacrum.

Vanquished Creatures
  Frances (D:12)
  3 nagarajas
  Aizul (Snake:4)
  Louise (D:14)
  An orc warlord (Orc:2)
  An ironbound preserver (D:14)
  2 bunyips (Swamp:1)
  2 eleionomae
  A minotaur (Orc:2)
  An ettin (Orc:2)
  An ogre mage (Swamp:4)
  8 hydras
  3 anacondas
  A two-headed ogre (D:10)
  2 boulder beetles
  2 centaur warriors (D:14)
  A tengu warrior (D:14)
  4 naga sharpshooters
  3 shock serpents
  4 orc high priests
  A soul eater (Swamp:4)
  A salamander mystic (Snake:3)
  5 skeletal warriors
  2 naga ritualists (Snake:4)
  A harpy (D:14)
  4 bog bodies
  Pikel (D:4)
  4 orc knights
  5 mana vipers
  A deep elf pyromancer (Swamp:4)
  A manticore (D:11)
  9 ugly things
  5 orc sorcerers (Orc:2)
  3 salamanders
  21 black mambas
  A naga mage (Snake:4)
  3 guardian serpents
  3 elephants (Lair:5)
  4 cane toads
  An eye of devastation (shapeshifter) (D:14)
  2 centaur zombies (D:10)
  3 kobold demonologists
  An efreet (D:13)
  3 komodo dragons
  A yaktaur (D:13)
  A rime drake (Lair:3)
  7 trolls
  4 hornets
  3 polar bears
  A bloated husk (Swamp:1)
  A tyrant leech (Swamp:4)
  A slime creature (D:14)
  A dream sheep (Lair:3)
  A culicivora (shapeshifter) (D:15)
  Sigmund (D:2)
  A shadow (D:11)
  A spriggan (Lair:2)
  10 wyverns
  21 yaks
  5 hogs (Snake:1)
  2 steam dragons (D:8)
  A redback (Lair:5)
  3 vampire mosquitoes
  3 swamp worms
  3 wargs
  3 acid dragons
  7 nagas
  15 water moccasins
  A sky beast (D:6)
  2 black bears
  16 orc warriors
  3 centaurs
  7 ogres
  5 wolves
  A phantom (D:5)
  2 lemures (D:4)
  4 kobold brigands
  2 scorpions
  6 bullfrogs
  5 wights
  24 killer bees
  2 electric eels
  A howler monkey (D:9)
  12 orc priests
  Crazy Yiuf (D:6)
  Ijyb (D:3)
  Terence (D:3)
  An iguana (D:7)
  11 orc wizards
  Natasha (thrice) (D:2)
  2 howler monkey zombies (D:10)
  Robin (D:4)
  6 gnolls
  4 adders
  32 orcs
  5 ball pythons
  3 endoplasms
  2 giant cockroaches
  12 hobgoblins
  4 jackals (D:4)
  21 kobolds
  2 quokkas
  3 bats
  2 frilled lizards
  13 goblins
  A rat (D:2)
  A bush (D:13)
450 creatures vanquished.

Vanquished Creatures (collateral kills)
  Mlioglotl (Snake:1)
  A thorn hunter (Swamp:4)
  Kirke (Snake:1)
  2 fenstrider witches (Swamp:4)
  9 nagarajas (Snake:4)
  A reaper (Swamp:4)
  3 eleionomae
  6 bunyips
  3 shambling mangroves
  The ghost of Poykh the Thaumaturge, a journeyman DjFE of Ru (Lair:2)
  2 salamander tyrants (Snake:4)
  7 hydras
  2 ghost crabs
  A boulder beetle (D:12)
  An anaconda (Snake:4)
  2 spriggan air magi
  A centaur warrior (D:15)
  10 naga warriors
  7 alligators
  A death yak (Lair:3)
  An orc high priest (Orc:2)
  A spriggan berserker (Swamp:4)
  11 naga sharpshooters
  5 shock serpents
  A sixfirhy (Swamp:4)
  A spriggan rider (Swamp:3)
  A death drake (Swamp:1)
  A sea snake (Snake:1)
  5 swamp dragons
  A bog body (Swamp:1)
  5 goliath frogs
  2 salamander mystics
  4 spriggan druids
  5 naga ritualists
  A wizard (Swamp:4)
  2 orc knights
  A deep elf zephyrmancer (Swamp:4)
  2 deep elf pyromancers
  15 mana vipers
  2 ugly things
  An orc sorcerer (Swamp:4)
  2 wolf spiders (Lair:5)
  5 salamanders
  4 slime creatures (D:14)
  A cyclops (D:15)
  4 will-o-the-wisps
  2 elephants (Lair:5)
  5 centaur zombies (D:10)
  An orange demon (Swamp:4)
  17 black mambas
  8 naga magi
  5 cane toads
  4 guardian serpents
  A gargoyle (D:14)
  A komodo dragon (Lair:5)
  2 polar bears (Lair:3)
  A hellwing (Swamp:4)
  2 trolls
  7 hornets
  A meliai (D:14)
  A nameless horror (Snake:3)
  2 blink frogs (Lair:3)
  8 tyrant leeches
  Prince Ribbit (D:5)
  5 dream sheep (Lair:4)
  A centaur simulacrum (D:14)
  2 wraiths
  5 yaks
  6 spriggans
  5 wyverns
  Eustachio (D:5)
  A hog (Snake:1)
  A chaos spawn (Swamp:4)
  6 vampire mosquitoes
  20 nagas
  2 wargs
  An acid dragon (D:9)
  9 swamp worms
  7 water moccasins
  2 ice beasts
  15 orc warriors
  A sky beast (D:8)
  A swamp drake (Swamp:4)
  A meliai simulacrum (D:14)
  3 ogres
  A boggart (D:14)
  5 wolves
  5 centaurs
  2 kobold brigands
  A necrophage (D:6)
  A gnoll sergeant (D:7)
  3 bullfrogs
  A scorpion (D:6)
  6 wights
  A yak zombie (Lair:3)
  9 killer bees (Lair:2)
  2 howler monkeys
  2 hounds
  4 orc priests
  6 orc wizards
  A howler monkey zombie (D:10)
  6 gnolls
  An adder (D:6)
  19 orcs
  A goblin (Bailey)
  11 kobolds
  2 plants (Swamp:1)
400 creatures vanquished.

Vanquished Creatures (others)
  Asterion (Snake:4)
  3 fenstrider witches
  A stone giant (D:15)
  The ghost of Iidacon the Cleaver, a journeyman MiFi of Okawaru (Orc:2)
  3 bunyips
  Snorg (D:10)
  A fenstrider witch zombie (Swamp:4)
  2 anacondas
  2 hydras
  An ogre mage (Swamp:4)
  A tengu warrior (D:13)
  An alligator (Swamp:1)
  A boulder beetle (D:14)
  A naga warrior (Snake:4)
  3 shock serpents
  3 naga sharpshooters
  9 spriggan berserkers
  3 skeletal warriors (D:14)
  A sea snake (Snake:1)
  A bunyip zombie (Swamp:1)
  A death drake (Swamp:1)
  2 spriggan riders (Swamp:3)
  A swamp dragon (shapeshifter) (D:14)
  2 bog bodies
  A naga ritualist (Snake:3)
  A deep elf pyromancer (D:14)
  A cyclops (D:15)
  An eleionoma zombie (Swamp:1)
  3 salamanders
  2 mana vipers
  An ugly thing (D:14)
  7 black mambas
  3 shock serpent zombies
  3 naga magi
  A guardian serpent (Snake:4)
  A cane toad (Lair:3)
  A tengu conjurer (D:13)
  A harpy zombie (D:14)
  5 mana viper zombies
  2 bloated husks
  A tyrant leech (Swamp:2)
  2 alligator zombies (Swamp:4)
  2 dream sheep (Lair:4)
  A blink frog (Lair:3)
  13 black mamba zombies
  2 slime creature zombies (D:14)
  A wraith (D:11)
  5 yaks (Lair:3)
  2 swamp worms
  A warg (Orc:2)
  5 nagas
  2 cane toad zombies
  6 orc warriors
  2 hornet zombies (Swamp:2)
  2 black bears (Lair:2)
  An ogre (Orc:2)
  2 wolves (Lair:4)
  3 elephant zombies (Lair:5)
  A vampire mosquito zombie (Swamp:1)
  3 blink frog zombies (Lair:3)
  2 centaurs
  A salamander zombie (Snake:3)
  7 naga zombies
  A scorpion (D:13)
  2 gnoll sergeants
  3 wights (D:7)
  3 warg zombies (Orc:2)
  3 spriggan zombies
  6 yak zombies
  A tengu zombie (D:13)
  3 killer bees (Lair:2)
  2 troll zombies
  2 wolf zombies (Lair:4)
  3 centaur zombies
  A black bear zombie (D:7)
  A bullfrog zombie (Lair:3)
  A gnoll bouda (D:7)
  A scorpion zombie (D:13)
  3 orc wizards
  14 killer bee zombies (Lair:2)
  An acid dragon zombie (D:9)
  2 ogre zombies
  7 gnolls
  34 orc zombies
  An adder (D:10)
  2 adder zombies
  2 orcs
  An endoplasm (D:10)
  A giant cockroach (D:10)
  A hobgoblin (Bailey)
  An endoplasm zombie (D:10)
  A giant cockroach zombie (D:10)
  5 gnoll zombies
  2 hobgoblin zombies (Bailey)
  A kobold (Bailey)
  6 kobold zombies (Bailey)
  A rat (D:10)
  A rat zombie (D:10)
  2 demonic plants (D:1)
  13 foxfires
  83 fungi
  73 plants
  A withered plant (D:1)
439 creatures vanquished.

Grand Total: 1289 creatures vanquished

Notes
Turn   | Place    | Note
-------+----------+-------------------------------------------
     0 | D:1      | Bnni the Demonspawn Necromancer began the quest for the
                  | Orb.
     0 | D:1      | Reached XP level 1. HP: 13/13 MP: 3/3
   304 | D:1      | Found a faded altar of an unknown god.
   323 | D:1      | Prayed at the altar of an unknown god.
   323 | D:1      | Became a worshipper of Kikubaaqudgha
   323 | D:1      | Reached * piety under Kikubaaqudgha
   323 | D:1      | Received a gift from Kikubaaqudgha
   412 | D:1      | Gained mutation: You are partially covered in yellow
                  | scales. (AC +2) [demonic ancestry]
   412 | D:1      | Reached XP level 2. HP: 20/20 MP: 3/5
   919 | D:2      | Noticed Sigmund
   946 | D:2      | Killed Sigmund
   947 | D:2      | Reached skill level 6 in Necromancy
   947 | D:2      | Reached XP level 3. HP: 10/27 MP: 0/7
   947 | D:2      | Gained mutation: A weak demonic guardian rushes to your
                  | aid. [demonic ancestry]
   947 | D:2      | Reached XP level 4. HP: 12/33 MP: 0/8
   947 | D:2      | Gained mutation: A demonic guardian rushes to your aid.
                  | [demonic ancestry]
   947 | D:2      | Reached XP level 5. HP: 14/38 MP: 0/9
   951 | D:2      | Learned a level 3 spell: Vampiric Draining
   957 | D:2      | Learned a level 4 spell: Animate Dead
   959 | D:2      | Learned a level 1 spell: Kiss of Death
  1365 | D:2      | Got the Tome of Ensorcelling and Moulding
  1433 | D:2      | Noticed Natasha
  1437 | D:2      | Killed Natasha
  1442 | D:2      | Noticed Natasha
  1447 | D:2      | Killed Natasha
  1518 | D:2      | Noticed Natasha
  1526 | D:2      | Killed Natasha
  1760 | D:3      | Reached XP level 6. HP: 40/41 MP: 6/10
  1867 | D:3      | Noticed Ijyb
  1873 | D:3      | Paralysed by Ijyb for 3 turns
  1876 | D:3      | Killed Ijyb
  1993 | D:3      | Got Jivuovot's Octavo of the Assembled Geologist
  2148 | D:3      | Noticed Terence
  2160 | D:3      | Killed Terence
  2160 | D:3      | Reached ** piety under Kikubaaqudgha
  2427 | D:4      | Noticed Pikel
  2485 | D:4      | Killed Pikel
  2486 | D:4      | Reached skill level 8 in Necromancy
  2486 | D:4      | Reached XP level 7. HP: 5/54 MP: 9/13
  2682 | D:4      | Noticed Robin
  2699 | D:4      | Killed Robin
  2882 | D:4      | Found an iron altar of Okawaru.
  3054 | D:4      | HP: 2/49 [poisoned by a scorpion]
  3438 | D:4      | Found a blossoming altar of Fedhas.
  3714 | D:5      | Entered Level 5 of the Dungeon
  3768 | D:5      | Reached XP level 8. HP: 26/59 MP: 14/14
  3769 | D:5      | Identified the +0 leather armour of Xom's Favour {-Tele
                  | rPois SInv}
  3978 | D:5      | Noticed Prince Ribbit
  3984 | D:5      | Noticed Eustachio
  4023 | D:5      | Killed Eustachio
  4024 | D:5      | Reached skill level 5 in Spellcasting
  4024 | D:5      | Reached skill level 9 in Necromancy
  4026 | D:5      | Reached skill level 5 in Fighting
  4029 | D:5      | Killed Prince Ribbit
  4766 | D:5      | Learned a level 5 spell: Agony
  4784 | D:5      | Identified a scroll of acquirement
  4785 | D:5      | Acquired the ring "Koryul" {rPois rF+ rN+ Int+4 SInv}
  4868 | D:6      | Reached skill level 10 in Necromancy
  4890 | D:6      | Gained mutation: You sometimes gain a little power by
                  | taking damage. [demonic ancestry]
  4890 | D:6      | Reached XP level 9. HP: 37/69 MP: 0/17
  4898 | D:6      | HP: 1/69 [orc priest/divine providence (10)]
  5113 | D:6      | Noticed a troll
  5116 | D:6      | Found a hazy altar of Hepliaklqana.
  5129 | D:6      | Killed a troll
  5387 | D:6      | You fall into a shaft and drop 1 floor!
  5607 | D:6      | Reached *** piety under Kikubaaqudgha
  5607 | D:6      | Received a gift from Kikubaaqudgha
  5608 | D:6      | Reached skill level 11 in Necromancy
  5619 | D:6      | Learned a level 4 spell: Anguish
  5769 | D:6      | Found a runed translucent door.
  5770 | D:6      | Noticed Crazy Yiuf
  5780 | D:6      | Killed Crazy Yiuf
  6121 | D:7      | Learned a level 6 spell: Death Channel
  6327 | D:7      | Found a staircase to the Ecumenical Temple.
  6636 | D:7      | HP: 3/68 [hornet (12)]
  6638 | D:7      | Reached skill level 1 in Hexes
  6638 | D:7      | Reached skill level 1 in Earth Magic
  6854 | D:7      | Identified the +1 hat of Rotation {Str+4 Int+7 Dex-4}
  7059 | D:7      | Identified the +6 hand axe "Dragon's Foe" {holy, +Blink
                  | rC+}
  7666 | D:7      | Gained mutation: You sometimes gain power by taking damage.
                  | [demonic ancestry]
  7666 | D:7      | Reached XP level 10. HP: 64/77 MP: 20/20
  7852 | D:7      | Reached **** piety under Kikubaaqudgha
  8207 | D:8      | Found a radiant altar of Vehumet.
  8367 | D:8      | Identified the +6 hand axe of Cataclysm {flame, Dex+4
                  | Stlth+}
  8534 | D:8      | Found a flagged portal.
  8569 | Bailey   | Entered a bailey
  8659 | Bailey   | Reached skill level 12 in Necromancy
  8682 | Bailey   | Identified the +7 war axe "Wona Moe" {freeze, Dex+2}
  9847 | D:9      | Noticed an obsidian statue
  9871 | D:9      | Reached ***** piety under Kikubaaqudgha
 10476 | D:9      | Found a shimmering blue altar of Sif Muna.
 11020 | D:10     | Entered Level 10 of the Dungeon
 11050 | D:10     | Noticed Snorg
 11059 | D:10     | Killed Snorg
 11060 | D:10     | Reached skill level 1 in Polearms
 11061 | D:10     | Found a staircase to the Lair.
 11215 | D:10     | Reached skill level 13 in Necromancy
 11327 | D:10     | Reached XP level 11. HP: 80/86 MP: 22/22
 11333 | D:10     | Learned a level 5 spell: Borgnjor's Vile Clutch
 11369 | D:10     | Found a transporter.
 11377 | D:10     | Found a transporter.
 11378 | D:10     | Found a transporter.
 11428 | D:10     | Found a staircase to the Orcish Mines.
 11680 | D:10     | Noticed a two-headed ogre
 11690 | D:10     | Killed a two-headed ogre
 12047 | D:10     | Found a basalt altar of Yredelemnul.
 12441 | D:10     | Found a transporter.
 12600 | D:11     | Reached skill level 1 in Ice Magic
 12604 | D:11     | Found Tagan's Magic Scroll Shop.
 12941 | D:11     | Found Dixed's General Store.
 13250 | D:11     | Found Nytax's Book Shop.
 13286 | D:11     | Found Zeabre Jeamp's Magic Scroll Boutique.
 13456 | D:11     | Reached skill level 14 in Necromancy
 14140 | D:12     | Noticed a boulder beetle
 14155 | D:12     | Killed a boulder beetle
 14156 | D:12     | Reached skill level 5 in Earth Magic
 14394 | D:12     | Noticed Frances
 14410 | D:12     | Killed Frances
 14411 | D:12     | Reached skill level 1 in Staves
 14411 | D:12     | Reached XP level 12. HP: 14/94 MP: 15/24
 14700 | D:12     | Noticed a boulder beetle
 14724 | D:12     | Killed a boulder beetle
 15124 | D:13     | Noticed a tengu warrior
 15137 | D:13     | Killed a tengu warrior
 15507 | D:13     | Reached skill level 1 in Shields
 15710 | D:13     | Found a sacrificial altar of Ru.
 16167 | D:14     | Reached skill level 5 in Ice Magic
 16339 | D:14     | Reached skill level 15 in Necromancy
 16419 | D:14     | Found a gate to the Vaults.
 16419 | D:14     | Noticed an ironbound preserver
 16419 | D:14     | Noticed a tengu warrior
 16424 | D:14     | Killed a tengu warrior
 16424 | D:14     | Killed an ironbound preserver
 16430 | D:14     | Noticed a seven-headed hydra
 16436 | D:14     | Killed a seven-headed hydra
 16437 | D:14     | Reached XP level 13. HP: 75/101 MP: 14/26
 16711 | D:14     | Reached skill level 5 in Staves
 16827 | D:14     | Noticed Louise
 16834 | D:14     | Killed Louise
 17155 | D:14     | Learned a level 6 spell: Simulacrum
 17156 | D:15     | Entered Level 15 of the Dungeon
 17591 | D:15     | Reached skill level 5 in Shields
 17640 | D:15     | Reached skill level 10 in Fighting
 17731 | D:15     | Found a staircase to the Depths.
 17731 | D:15     | Noticed a stone giant
 17742 | D:15     | Killed a stone giant
 18264 | Lair:1   | Entered Level 1 of the Lair of Beasts
 19138 | Lair:2   | Reached skill level 16 in Necromancy
 19630 | Lair:2   | Found a runed translucent door.
 19632 | Lair:2   | Identified the +8 spear "Ebut" {venom, rElec Str+5}
 19633 | Lair:2   | Noticed Poykh's ghost (journeyman DjFE)
 19665 | Lair:2   | Killed Poykh's ghost
 20327 | Lair:3   | Gained mutation: You are robust. (+10% HP) [demonic
                  | ancestry]
 20327 | Lair:3   | Reached XP level 14. HP: 77/122 MP: 20/27
 20842 | Lair:3   | Reached skill level 10 in Spellcasting
 20860 | Lair:3   | Found a staircase to the Snake Pit.
 21246 | Lair:3   | Reached ****** piety under Kikubaaqudgha
 21247 | Lair:3   | Received a gift from Kikubaaqudgha
 21524 | Lair:3   | Found a staircase to the Swamp.
 21630 | Lair:3   | Reached skill level 1 in Summonings
 22546 | Lair:4   | Found a runed translucent gate.
 22547 | Lair:4   | Found a runed translucent gate.
 22547 | Lair:4   | Found a runed translucent gate.
 22547 | Lair:4   | Noticed an acid blob
 22547 | Lair:4   | Noticed an azure jelly
 22547 | Lair:4   | Noticed an acid blob
 22547 | Lair:4   | Noticed an acid blob
 22547 | Lair:4   | Noticed an acid blob
 22548 | Lair:4   | Noticed Heedrag's ghost (journeyman DsCj)
 22548 | Lair:4   | Noticed an acid blob
 22549 | Lair:4   | Noticed a rockslime
 22549 | Lair:4   | Noticed an azure jelly
 22549 | Lair:4   | Noticed an azure jelly
 22556 | Lair:4   | Noticed an azure jelly
 22558 | Lair:4   | Found a viscous altar of Jiyva.
 22581 | Lair:4   | Reached skill level 17 in Necromancy
 22923 | Lair:5   | Entered Level 5 of the Lair of Beasts
 23159 | Lair:5   | Identified the ring of Propriety {rPois Will+}
 23465 | Lair:5   | Identified the +4 falchion of Yplu Yrho {freeze, Str+4
                  | Int-2 Dex+4}
 24349 | Lair:5   | Found a viscous altar of Jiyva.
 24349 | Lair:5   | Found a staircase to the Slime Pits.
 24604 | Orc:1    | Entered Level 1 of the Orcish Mines
 24605 | Orc:1    | Upgraded the game from 0.30-a0-465-g8901f6c8b5 to
                  | 0.30-a0-469-g84de5afbc5
 24986 | Orc:2    | Entered Level 2 of the Orcish Mines
 24988 | Orc:2    | Paralysed by an orc sorcerer for 5 turns
 25011 | Orc:2    | Gained mutation: You have a pair of small horns on your
                  | head. [demonic ancestry]
 25011 | Orc:2    | Reached XP level 15. HP: 112/130 MP: 7/29
 25083 | Orc:2    | Found Osirupan's Antique Armour Shoppe.
 25094 | Orc:2    | Reached skill level 5 in Summonings
 25342 | Orc:2    | Found a staircase to the Elven Halls.
 25412 | Orc:2    | Found Xaeqak's Antique Weapon Shop.
 25425 | Orc:2    | Found Ziluumomp's Book Emporium.
 25607 | Orc:2    | Found Ywkoril's General Store.
 25868 | Orc:2    | Noticed Iidacon's ghost (journeyman MiFi)
 25886 | Orc:2    | Found a runed translucent gate.
 25886 | Orc:2    | Found a runed translucent gate.
 25886 | Orc:2    | Found a runed translucent gate.
 26292 | Orc:2    | Killed Iidacon's ghost
 26491 | Snake:1  | Entered Level 1 of the Snake Pit
 26555 | Snake:1  | Reached skill level 10 in Staves
 26572 | Snake:1  | Noticed Mlioglotl
 26580 | Snake:1  | Killed Mlioglotl
 26604 | Snake:1  | Reached skill level 18 in Necromancy
 26605 | Snake:1  | Found Sapycepoe's Jewellery Shoppe.
 26605 | Snake:1  | Found Poehev's Book Boutique.
 26606 | Snake:1  | Found Vikeran's Book Boutique.
 26617 | Snake:1  | Bought the ring of Omaan {rCorr Str+2 Int+3 Dex+4} for 642
                  | gold pieces
 26617 | Snake:1  | Bought a +4 ring of protection for 504 gold pieces
 26851 | Snake:1  | Learned a level 7 spell: Haunt
 27592 | Snake:1  | Noticed Kirke
 27602 | Snake:1  | Killed Kirke
 27741 | Snake:2  | Found Sejaeraw's Antique Weapon Shoppe.
 27743 | Snake:2  | Found Ziuc's Antique Armour Emporium.
 27746 | Snake:2  | Found Gifid's Magic Scroll Shoppe.
 28179 | Snake:2  | Noticed a nagaraja
 28187 | Snake:2  | Killed a nagaraja
 28359 | Snake:2  | Gained mutation: You have a pair of horns on your head.
                  | [demonic ancestry]
 28359 | Snake:2  | Reached XP level 16. HP: 121/139 MP: 27/31
 28981 | Snake:3  | Found Uppuog's Distillery.
 28991 | Snake:3  | Bought a potion of magic for 152 gold pieces
 28991 | Snake:3  | Bought a potion of heal wounds for 95 gold pieces
 29872 | Snake:3  | Reached skill level 19 in Necromancy
 30053 | Snake:3  | Found Iwniufod's Armour Shop.
 30054 | Snake:3  | Found Vek Cebo's Weapon Shop.
 30054 | Snake:3  | Found Waes's Magic Scroll Boutique.
 30062 | Snake:3  | Found Teub's Antique Armour Boutique.
 30372 | Snake:4  | Entered Level 4 of the Snake Pit
 30439 | Snake:4  | Noticed Asterion
 30449 | Snake:4  | Killed Asterion
 31097 | Snake:4  | Noticed Aizul
 31107 | Snake:4  | Killed Aizul
 31120 | Snake:4  | Identified the +4 hand axe "Orb Guardian's Peril" {venom,
                  | Str+3}
 31190 | Snake:4  | Reached XP level 17. HP: 100/148 MP: 26/33
 31939 | Snake:4  | Got a serpentine rune of Zot
 32256 | Swamp:1  | Entered Level 1 of the Swamp
 32268 | Swamp:1  | Reached skill level 20 in Necromancy
 33306 | Swamp:2  | Learned a level 8 spell: Infestation
 33442 | Swamp:2  | Identified the +7 shortbow of the Spider {drain, Int+6}
 34199 | Swamp:4  | Entered Level 4 of the Swamp
 34506 | Swamp:4  | Reached skill level 1 in Armour
 34732 | Swamp:4  | Reached skill level 10 in Summonings
 34736 | Swamp:4  | Gained mutation: You have a pair of large horns on your
                  | head. [demonic ancestry]
 34736 | Swamp:4  | Reached XP level 18. HP: 84/158 MP: 27/35
 34842 | Swamp:4  | Killed from afar by a blizzard demon

Illustrated notes

Levels and vault maps discovered:
D:1:      heliophobic_arrival_dark_side_of_the_moon, layout_basic,
          shapermc_ecumenical_altar_gd
D:2:      layout_basic, uniq_sigmund, uniq_natasha
D:3:      layout_rooms, uniq_ijyb, uniq_terence
D:4:      layout_basic, fedhas_altar_4, kennysheep_mini_moat,
          amcnicky_altar_gilded, uniq_pikel, uniq_robin
D:5:      layout_basic, uniq_eustachio, uniq_prince_ribbit1
D:6:      layout_basic, mainiacjoe_overflow_chevrons, minivault_27,
          lightli_orcish_oven, uniq_crazy_yiuf_cottage
D:7:      layout_loops_corners, minmay_temple_entry_large_hall
D:8:      layout_loops_ring, mainiacjoe_overflow_alcove_4, enter_bailey_2
D:9:      layout_roguey, lemuel_coloured_pillars_altar, minivault_16,
          nicolae_figureground_pulse
D:10:     layout_irregular_city, nicolae_yredelemnul_corpse_copse,
          lair_entry_dummy, minmay_orc_entry_temple_small, minmay_liquid_box,
          glass_columns_b, nicolae_concentric_dashed_squares_wild,
          nrook_mini_backslash, nicolae_transporter_circle, uniq_snorg
D:11:     layout_loops_ring, serial_shops, nicolae_shop_trees,
          nicolae_shop_stone, nicolae_square_shop, nicolae_shop_statue_plus
D:12:     layout_loops_corners, uniq_frances
D:13:     layout_small_grid, minmay_hedge_maze,
          nicolae_ru_great_annihilating_truth
D:14:     layout_rooms, skrybe_vaults_entry_preservation,
          chequers_serial_rivers_micro_d, minmay_misc_feat_four_crosses,
          dk_noncrumbling_4, uniq_louise
D:15:     grunt_enter_depths_giant_problem, layout_gridville,
          hangedman_abyss_or_decor_stabs, hangedman_decor_push
Lair:1:   layout_regular_city
Lair:2:   wad_woods_minihive, layout_long_grid, ebering_ghost_funeral_grove
Lair:3:   layout_loops_ring, nicolae_swamp_entry_splash_gauntlet,
          minmay_snake_entry_guardpost_small, hangedman_lair_generics_rect
Lair:4:   layout_gridlike, gammafunk_ghost_ooze, grunt_megastairs_3
Lair:5:   hangedman_lair_tendril_chambers, layout_small_grid,
          dpeg_slime_entry_enclosed
Swamp:1:  layout_falls_marsh, evilmike_swamp_ruin_rubble_1, swamp_pool5,
          nicolae_swamp_well_well_well
Swamp:2:  layout_basic_swamp, evilmike_swamp_ruin_house_2, swamp_pool2
Swamp:3:  layout_basic_swamp, evilmike_swamp_ruin_wall, hangedman_swamp_blocks,
          swamp_pool1
Swamp:4:  nzn_swamp_witches_coven, layout_basic_swamp, swamp_pool1, uniq_roxanne
Snake:1:  layout_basic, guppyfry_snake_island, minmay_shop_grove, uniq_kirke,
          uniq_mlioglotl
Snake:2:  kennysheep_six_static_rooms, layout_onion, minmay_shop_star
Snake:3:  layout_honeycomb, serial_shops, shop, grunt_megastairs_2,
          minmay_shoptagon
Snake:4:  grunt_snake_rune_spirals, layout_onion, uniq_aizul, uniq_asterion
Orc:1:    layout_diamond_mine, bh_open_orc_temple
Orc:2:    grunt_orc_gardens, layout_caves, grunt_orc_garden, grunt_orc_garden,
          grunt_orc_garden, grunt_orc_garden, maelrawn_ghost_gauntlet_escape

Skill      XL: |  1  2  3  4  5  6  7  8  9 10 11 12 13 14 15 16 17 18 |
---------------+-------------------------------------------------------+-----
Fighting       | 2 4 5 6 8 9 10 11 12 13 | 13.7
Spellcasting   | 3 4 5 6 7 8 9 10 11 12 13 14 | 14.0
Necromancy     | 6 8 10 11 13 14 15 16 17 18 19 20 | 20.9
Hexes          | 2 3 |  3.0
Earth Magic    | 1 3 5 |  5.0
Polearms       | 1 3 |  3.9
Ice Magic      | 2 5 |  5.0
Staves         | 1 4 7 9 10 11 | 11.7
Shields        | 3 5 |  5.0
Summonings     | 4 7 8 10 | 10.0
Armour         | 1 2 |  2.3
Dodging        | |  1.7
Stealth        | |  1.7

Action                   |  1- 3 |  4- 6 |  7- 9 | 10-12 | 13-15 | 16-18 || total
-------------------------+-------+-------+-------+-------+-------+-------++-------
Melee: Dagger            |    36 |    75 |       |       |       |       ||   111
       Punch             |       |     1 |     3 |     4 |       |       ||     8
       Spear             |       |       |   167 |   505 |       |       ||   672
       Whip              |       |       |   144 |       |       |       ||   144
       Trident           |       |       |    21 |       |       |       ||    21
       Hand axe          |       |       |       |     2 |       |       ||     2
       Staff             |       |       |       |    40 |   547 |    80 ||   667
       Headbutt          |       |       |       |       |    40 |    22 ||    62
 Cast: Necrotise         |    24 |    27 |    10 |       |       |       ||    61
       Kiss of Death     |       |     2 |     1 |       |       |       ||     3
       Vampiric Draining |       |     6 |    29 |    27 |    43 |     6 ||   111
       Animate Dead      |       |     1 |    11 |    17 |    19 |     7 ||    55
       Death Channel     |       |       |     4 |    16 |    14 |    10 ||    44
       Anguish           |       |       |     4 |    31 |    44 |    20 ||    99
       Borgnjor's Vile C |       |       |       |    28 |   105 |    50 ||   183
       Simulacrum        |       |       |       |       |    37 |    24 ||    61
       Haunt             |       |       |       |       |       |    36 ||    36
       Infestation       |       |       |       |       |       |     9 ||     9
Invok: Unearth Wretches  |       |       |       |     4 |     2 |     9 ||    15
       Receive Forbidden |       |       |       |       |     1 |       ||     1
Evoke: Wand              |       |       |     1 |       |     1 |       ||     2
  Use: Scroll            |       |     8 |     5 |     8 |     8 |     2 ||    31
       Potion            |       |     2 |     1 |       |     1 |     2 ||     6
 Stab: Sleeping          |     3 |     1 |     5 |     4 |       |       ||    13
       Distracted        |       |       |       |     7 |     6 |       ||    13
       Paralysed         |       |       |       |     6 |     2 |     1 ||     9
Armor: Robe              |     5 |    25 |   130 |    44 |   238 |    60 ||   502
       Acid dragon scale |       |       |       |   121 |       |       ||   121
Dodge: Dodged            |    22 |    37 |   283 |   450 |   478 |    87 ||  1357
Block: Buckler           |       |       |       |     9 |   165 |    32 ||   206

Table legend: (Time is in decaauts)
 A = Elapsed time spent in this place.
 B = Non-inter-level travel time spent in this place.
 C = Inter-level travel time spent in this place.
 D = Time resting spent in this place.
 E = Time spent auto-exploring this place.
 F = Levels seen in this place.
 G = Mean time per level.
                   A        B        C        D        E       F      G
               +--------+--------+--------+--------+--------+-----+--------+
         Total |  34999 |  33769 |   1230 |   4566 |  22449 |  31 | 1129.0 |
       Dungeon |  17958 |  17350 |    608 |   2458 |  11872 |  15 | 1197.2 |
          Lair |   6413 |   6099 |    314 |     30 |   5070 |   5 | 1282.6 |
         Swamp |   2766 |   2689 |     77 |    572 |   1234 |   4 |  691.5 |
     Snake Pit |   5670 |   5482 |    188 |   1224 |   3026 |   4 | 1417.5 |
  Orcish Mines |   1721 |   1680 |     41 |    105 |   1159 |   2 |  860.5 |
        Bailey |    468 |    468 |      0 |    176 |     87 |   1 |  468.0 |
               +--------+--------+--------+--------+--------+-----+--------+

Top non-repeatable levels by time:
     D:7: 2053 daAuts
 Snake:4: 1764 daAuts
    D:10: 1712 daAuts
 Snake:3: 1608 daAuts
  Lair:3: 1604 daAuts
  Lair:5: 1522 daAuts
     D:4: 1493 daAuts
   Orc:2: 1340 daAuts
    D:14: 1322 daAuts
     D:6: 1306 daAuts
     D:9: 1305 daAuts
    D:11: 1258 daAuts
  Lair:2: 1225 daAuts
 Snake:1: 1210 daAuts
  Lair:4: 1158 daAuts
